 Dungeon Crawl Stone Soup version 0.29.1-13-g9f3cf754e1 (webtiles) character file.

Game seed: 15759069070925452511

459 Alexandra the Firebug (level 7, 0/50 HPs)
             Began as a Meteoran Fire Elementalist on Feb 3, 2023.
             Was a Believer of Nemelex Xobeh.
             Killed by an exploding hound (31 damage)
             ... ignited by their inner flame
             ... on level 5 of the Dungeon.
             The game lasted 00:16:59 (2623 turns).

Alexandra the Firebug (Meteoran Fire Elementalist)  Turns: 2623, Time: 00:17:01

Health: 0/50       AC:  4    Str: 10    XL:     7   Next: 53%
Magic:  5/17       EV: 13    Int: 24    God:    Nemelex Xobeh [**....]
Gold:   245        SH:  0    Dex: 17    Spells: 7/16 levels left

rFire   . . .      SeeInvis .   (no weapon)
rCold   + . .      Faith    .   (no shield)
rNeg    . . .      Spirit   .   a - +0 robe
rPois   .          Reflect  .   (no helmet)
rElec   .          Harm     .   (no cloak)
rCorr   .          Rampage  .   (no gloves)
Will    .....                   (no boots)
Stlth   +.........              (no amulet)
HPRegen 0.16/turn               c - ring "Giohis" {rC+ Int+6 Dex+2}
MPRegen 0.15/turn               (no ring)

@: lethally poisoned (0 -> -6), glowing
A: sense surroundings 1, otherworldly, glowing, explore regen, iridescent scales
1, high MP 1
a: Renounce Religion, Draw Escape, Draw Destruction, Draw Summoning


You were on level 5 of the Dungeon.
You worshipped Nemelex Xobeh.
Nemelex Xobeh was pleased with you.
You visited 1 branch of the dungeon, and saw 5 of its levels.

You collected 245 gold pieces.

Inventory:

Missiles
 m - 2 atropa-tipped darts
Armour
 a - a +0 robe (worn)
Jewellery
 c - the ring "Giohis" (left hand) {rC+ Int+6 Dex+2}
   (You found it on level 2 of the Dungeon)

   [ring of protection from cold]

   Int:       It affects your intelligence (+6).
   Dex:       It affects your dexterity (+2).
   rC:        It protects you from cold.
Scrolls
 i - a scroll of amnesia {unknown}
 j - 2 scrolls of enchant armour {unknown}
 k - a scroll of acquirement {unknown}
Potions
 b - 4 potions of haste
 d - a potion of invisibility
 e - a potion of lignification
 h - a potion of ambrosia {unknown}


   Skills:
 * Level 1.1 Throwing
 * Level 3.3 Dodging
 * Level 2.5 Stealth
 * Level 5.1 Spellcasting
 * Level 2.4 Conjurations
 * Level 1.3 Hexes
 * Level 5.8 Fire Magic
 * Level 1.3 Air Magic
 * Level 1.2 Invocations


You had 7 spell levels left.
You knew the following spells:

 Your Spells              Type           Power      Damage    Failure   Level
a - Foxfire               Conj/Fire      100%       2x1d9     1%          1
b - Scorch                Fire           68%        2d8       1%          2
c - Inner Flame           Hex/Fire       23%        N/A       6%          3
d - Mephitic Cloud        Conj/Pois/Air  12%        N/A       16%         3

Your spell library contained the following spells:

 Spells                   Type           Power      Damage    Failure   Level
 Conjure Flame            Conj/Fire      25%        6-21      4%          3
 Ignite Poison            Fire/Tmut/Pois 15%        N/A       12%         3
 Flame Wave               Conj/Fire      25%        2d8       16%         4
 Freezing Cloud           Conj/Ice/Air   6%         6-21      82%         5


Dungeon Overview and Level Annotations

Branches:
Dungeon (5/15) Zot: 384    Temple (0/1) D:5

Altars:
Ashenzari
Elyvilon
Hepliaklqana
Nemelex Xobeh
Uskayaw
Wu Jian
Xom

Annotations:
D:5 2 runed translucent doors


Innate Abilities, Weirdness & Mutations

You passively map a small area around you.
You are easily found by Zot.
You glow in the dark.
You regain HP and MP as you explore.
You are partially covered in iridescent scales. (AC +2)
You have an increased reservoir of magic. (+10% MP)


Message History

The hound barely misses you. x2
Unknown command.
Casting: Scorch (safe; 1% risk of failure)
Confirm with . or Enter, or press ? or * to list all spells.
You conjure some foxfire!
The hound bites you but does no damage.
Your foxfire dissipates!
The foxfire hits the hound!
The hound is burned terribly!
You kill the hound!
Casting: Scorch (safe; 1% risk of failure)
Press: ? - help, Q - select action, (/) - cycle Dir - look around, f - activate Flames lash the scorpion.
The scorpion is moderately wounded.
The scorpion's fire resistance burns away.
The scorpion barely misses you.
Casting: Scorch (safe; 1% risk of failure)
Press: ? - help, Q - select action, (/) - cycle Dir - look around, f - activate Flames lash the scorpion.
The scorpion is burned terribly!
The scorpion is severely wounded.
The scorpion stings you.
You are poisoned.
The scorpion poisons you!
Casting: Scorch (safe; 1% risk of failure)
Confirm with . or Enter, or press ? or * to list all spells.
You conjure some foxfire!
You feel very sick.
The hound pauses to sniff the ground.
The scorpion closely misses you.
You feel sick.
The foxfire hits the hound.
Flame seeps out of the hound.
The hound is lightly wounded.
The foxfire hits the scorpion.
The scorpion is severely wounded.
The hound is engulfed in blazing flames.
Flame seeps out of the hound.
The hound bites you. The scorpion barely misses you.
The hound bites you but does no damage.
The hound is engulfed in blazing flames.
The hound explodes!
The fiery explosion engulfs you!!
Ouch! That really hurt!
You die...
Your body glows slightly brighter and disappears.

#.8.8.8... #..⌠.⌠...#
* ##.8.>.8..# , *
.#...⌠.⌠...# ,,
....8.8.8..# , ,
.##........###+#####
,
...........))......#
*#######.o.)###.###.#
#s@h§......*
#..○)###..h#, ,
##§.○§...#..#, *
#....##..#..#, ,
#.#......#o.#*
########'########..#
#.........[.....#
#...............#,
#....#######....#,,


You could see a scorpion (combustible), a hound and an orc.

Vanquished Creatures
  A scorpion (D:5)
  3 hounds (D:5)
  A jelly (D:4)
  2 orc priests (D:5)
  An iguana (D:5)
  2 orc wizards (D:5)
  8 adders
  A shadow imp (D:5)
  An ufetubus (D:5)
  A worm (D:4)
  A dart slug (D:1)
  11 orcs
  5 ball pythons
  3 bats
  4 endoplasms
  6 giant cockroaches
  6 goblins
  5 hobgoblins
  3 jackals (D:3)
  4 quokkas
  13 kobolds
  4 rats
86 creatures vanquished.

Vanquished Creatures (collateral kills)
  A foxfire (D:4)
1 creature vanquished.

Vanquished Creatures (others)
  35 foxfires
  2 plants (D:4)
37 creatures vanquished.

Grand Total: 124 creatures vanquished

Notes
Turn   | Place    | Note
-------+----------+-------------------------------------------
     0 | D:1      | Alexandra the Meteoran Fire Elementalist began the quest
                  | for the Orb.
     0 | D:1      | Reached XP level 1. HP: 14/14 MP: 5/5
    85 | D:1      | Reached XP level 2. HP: 19/20 MP: 4/6
    94 | D:1      | Learned a level 2 spell: Scorch
   320 | D:1      | Reached XP level 3. HP: 26/26 MP: 6/8
   324 | D:1      | Learned a level 3 spell: Inner Flame
   500 | D:1      | Glimpsed the power of Zot.
   637 | D:2      | Reached XP level 4. HP: 28/33 MP: 5/9
   709 | D:2      | Identified the ring "Giohis" {rC+ Int+6 Dex+2}
   781 | D:2      | Reached skill level 5 in Fire Magic
   796 | D:2      | Reached XP level 5. HP: 38/38 MP: 10/10
  1100 | D:2      | Glimpsed the power of Zot.
  1156 | D:3      | Learned a level 3 spell: Mephitic Cloud
  1308 | D:3      | Found a faded altar of an unknown god.
  1311 | D:3      | Prayed at the altar of an unknown god.
  1311 | D:3      | Became a worshipper of Nemelex Xobeh the Trickster
  1311 | D:3      | Reached * piety under Nemelex Xobeh
  1337 | D:3      | Received a gift from Nemelex Xobeh
  1625 | D:3      | Found a broken altar of Ashenzari.
  1632 | D:3      | Found a white marble altar of Elyvilon.
  1639 | D:3      | Found a hide-covered altar of Uskayaw.
  1643 | D:3      | Found a hazy altar of Hepliaklqana.
  1649 | D:3      | Found a shimmering altar of Xom.
  1701 | D:3      | Glimpsed the power of Zot.
  1782 | D:4      | Found an ornate altar of the Wu Jian Council.
  2202 | D:4      | Reached XP level 6. HP: 24/45 MP: 6/13
  2265 | D:4      | Reached ** piety under Nemelex Xobeh
  2300 | D:4      | Glimpsed the power of Zot.
  2342 | D:5      | Entered Level 5 of the Dungeon
  2354 | D:5      | Reached skill level 1 in Hexes
  2357 | D:5      | Reached skill level 1 in Air Magic
  2401 | D:5      | Gained mutation: You are partially covered in iridescent
                  | scales. (AC +2) [potion of mutation]
  2401 | D:5      | Gained mutation: You have an increased reservoir of magic.
                  | (+10% MP) [potion of mutation]
  2427 | D:5      | Reached skill level 5 in Spellcasting
  2427 | D:5      | Reached skill level 1 in Invocations
  2427 | D:5      | Reached XP level 7. HP: 21/50 MP: 2/16
  2551 | D:5      | Found a runed translucent door.
  2552 | D:5      | Noticed a vampire mosquito
  2568 | D:5      | Found a runed translucent door.
  2586 | D:5      | Received a gift from Nemelex Xobeh
  2587 | D:5      | Found a staircase to the Ecumenical Temple.
  2607 | D:5      | Reached skill level 1 in Throwing
  2623 | D:5      | Killed by an exploding hound... ignited by their inner
                  | flame

Illustrated notes

Levels and vault maps discovered:
D:1:      dpeg_arrival_prison, layout_basic
D:2:      layout_rooms, hex_tiny, minmay_pentomino_x4
D:3:      layout_rooms, nicolae_overflow_hallway_of_the_gods,
          hellmonk_ecumenical_altar_inner_sanctum
D:4:      layout_loops_corners, mainiacjoe_overflow_concentric_impassable,
          hex_medium, grunt_ministairs_11, guppyfry_early_lair_pool
D:5:      lemuel_insect_pit, layout_basic, minmay_temple_entry_statues_fountains

Skill      XL: |  1  2  3  4  5  6  7 |
---------------+----------------------+-----
Fire Magic     | 4 5 |  5.8
Spellcasting   | 3 4 5 |  5.1
Dodging        | 3 |  3.3
Stealth        | 2 |  2.5
Hexes          | 1 |  1.3
Conjurations   | 2 |  2.4
Air Magic      | 1 |  1.3
Invocations    | 1 |  1.2
Throwing       | 1 |  1.1

Action                   |  1- 3 |  4- 6 |  7- 9 || total
-------------------------+-------+-------+-------++-------
Melee: Unarmed           |     5 |    11 |       ||    16
 Cast: Foxfire           |    10 |    17 |     2 ||    29
       Scorch            |    27 |    52 |     8 ||    87
       Mephitic Cloud    |       |     5 |       ||     5
       Inner Flame       |       |     3 |       ||     3
  Use: Scroll            |     4 |     2 |     3 ||     9
       Potion            |     1 |     7 |       ||     8
Armor: Robe              |    18 |    25 |     2 ||    45
       Skin              |       |     8 |       ||     8
Dodge: Dodged            |    17 |    50 |     6 ||    73
